 Dungeon Crawl Stone Soup version 0.27-a0-906-g0a00ce863d (webtiles) character file.

Game seed: 12342837145725995632

9 Alarkh the Insei (level 2, 22/22 HPs)
             Began as a Demonspawn Gladiator on Apr 6, 2021.
             Got out of the dungeon alive.
             The game lasted 00:00:19 (238 turns).

Alarkh the Insei (Demonspawn Gladiator)              Turns: 238, Time: 00:00:19

Health: 22/22      AC:  3    Str: 14    XL:     2   Next: 3%
Magic:  2/2        EV: 12    Int:  9    God:
Gold:   0          SH:  0    Dex: 14    Spells: 1/1 levels left

rFire    . . .     SeeInvis .     - Unarmed
rCold    . . .     Faith    .   (no shield)
rNeg     . . .     Spirit   .   e - +0 leather armour {rPois}
rPois    +         Reflect  .   (helmet restricted)
rElec    .         Harm     .   (no cloak)
rCorr    .         Rampage  .   (no gloves)
Will     .....                  (no boots)
Stlth    +.........             (no amulet)
HPRegen  0.07/turn              (no ring)
MPRegen  0.08/turn              (no ring)

@: no status effects
A: antennae 1
a: no special abilities


You escaped.
You visited 1 branch of the dungeon, and saw 1 of its levels.

Inventory:

Missiles
 c - 3 throwing nets (quivered)
Armour
 a - a +0 leather armour
 b - a +0 helmet
 e - a +0 leather armour of poison resistance (worn)
Scrolls
 d - a scroll of amnesia {unknown}
 f - a scroll of identify {unknown}


   Skills:
 + Level 2.2 Fighting
 - Level 1.7 Throwing
 - Level 2.6 Dodging
 * Level 3.1 Unarmed Combat


You had one spell level left.
You didn't know any spells.
Your spell library was empty.

Dungeon Overview and Level Annotations

Branches:
Dungeon (1/15)

Altars:


Innate Abilities, Weirdness & Mutations

You have a pair of small antennae on your head.


Message History

You continue putting on your +0 leather armour of poison resistance. x5
You finish putting on your +0 leather armour of poison resistance.
You feel resistant to poison.
Found a leather armour.
f - a scroll labelled CEN VYQAIVVUE No target in view!
You see here a +0 leather armour.
An endoplasm comes into view.
An endoplasm is nearby!
The endoplasm quivers.
A hobgoblin comes into view.
You hit the endoplasm.
The endoplasm is severely wounded.
The hobgoblin shouts!
The endoplasm hits you but does no damage.
You hit the endoplasm.
You kill the endoplasm!
Your Unarmed Combat skill increases to level 3!
You hit the hobgoblin.
You kill the hobgoblin!
A rat comes into view.
You have reached level 2!
Your demonic ancestry asserts itself...
A pair of antennae grows on your head!
Your +0 helmet falls away!
You hit the rat.
You kill the rat!
No target in view!
No target in view!
No target in view!
No target in view!
No target in view!
No target in view!
You sense a monster nearby.
(D) Dungeon
Where to? (Enter - D:1 @ (x,y), ? - help)
You see here a +0 leather armour.
There is a staircase leading out of the dungeon here.
Are you sure you want to leave the Dungeon?
This will make you lose the game!
You have escaped!

#[# #.# ######
#.# ###....###
#.# #.#
##........###.#
#.#
##....##....##.#
#.#
#............#.#
#.#
##............#.#
#.#
#....@####....#.#
#.# #...###
###..#.# #.# #..#
#.##.# #.# #..
###....# #.# #.
#......# #.# #
......[.#.###.##
.........#......#
..##....######...
. .....##........


There were no monsters in sight!

Vanquished Creatures
  A ball python (D:1)
  An endoplasm (D:1)
  A goblin (D:1)
  2 hobgoblins (D:1)
  A frilled lizard (D:1)
  2 rats (D:1)
8 creatures vanquished.

Notes
Turn   | Place    | Note
-------+----------+-------------------------------------------
     0 | D:1      | Alarkh the Demonspawn Gladiator began the quest for the
                  | Orb.
     0 | D:1      | Reached XP level 1. HP: 16/16 MP: 1/1
   188 | D:1      | Reached skill level 3 in Unarmed Combat
   190 | D:1      | Gained mutation: You have a pair of small antennae on your
                  | head. [demonic ancestry]
   190 | D:1      | Reached XP level 2. HP: 22/22 MP: 2/2
   238 | D:$      | Got out of the dungeon alive.

Illustrated notes

Levels and vault maps discovered:
D:1:      minmay_arrival_loop, layout_basic

Skill      XL: |  1 |
---------------+----+-----
Unarmed Combat | 3 |  3.1
Fighting       | |  2.2
Throwing       | |  1.7
Dodging        | |  2.6

Action                   || total
-------------------------++-------
Melee: Unarmed           ||    17
Armor: Leather armour    ||     2
Dodge: Dodged            ||     5

Table legend: (Time is in decaauts)
 A = Elapsed time spent in this place.
 B = Non-inter-level travel time spent in this place.
 C = Inter-level travel time spent in this place.
 D = Time resting spent in this place.
 E = Time spent auto-exploring this place.
 F = Levels seen in this place.
 G = Mean time per level.
                   A        B        C        D        E       F      G
               +--------+--------+--------+--------+--------+-----+--------+
         Total |    237 |    195 |     42 |      0 |    141 |   1 |  237.0 |
       Dungeon |    237 |    195 |     42 |      0 |    141 |   1 |  237.0 |
               +--------+--------+--------+--------+--------+-----+--------+

Top non-repeatable levels by time:
     D:1: 237 daAuts
